Nashville Predators vs San Jose Sharks
Created - Wednesday, May 7, 2025 at 07:31
Goals
|
| Nashville Predators |
2 |
1 |
1 |
4 |
| San Jose Sharks |
0 |
1 |
5 |
6 |
|
Shots
|
| Nashville Predators |
10 |
7 |
17 |
34 |
| San Jose Sharks |
11 |
6 |
16 |
33 |
|
1st period
1. Nashville Predators , Anthony Duclair 23 (James van Riemsdyk 13) at 14:21
2. Nashville Predators , Ryan Hartman 19 (Sidney Crosby 32, Alexander Wennberg 26) at 16:26
Penalties :
Ben Chiarot (NSH) for Tripping (Minor) at 1:54, Artem Zub (NSH) for Tripping (Minor) at 8:46
2nd period
3. Nashville Predators , Jake Neighbours 9 (Rasmus Andersson 12, Pius Suter 15) at 0:50 (PP)
4. San Jose Sharks , Eeli Tolvanen 18 (Ilya Mikheyev 4, Noel Acciari 5) at 7:01
Penalties :
Dmitry Orlov (SJS) for Boarding (Minor) at 0:39, Matthew Knies (SJS) for Interference (Minor) at 10:42
3rd period
5. Nashville Predators , James van Riemsdyk 12 (Simon Benoit 5, Thomas Novak 20) at 0:57
6. San Jose Sharks , Kevin Fiala 32 (Adam Henrique 40) at 5:33
7. San Jose Sharks , Yegor Sharangovich 25 (Kevin Fiala 40, Adam Henrique 41) at 5:39
8. San Jose Sharks , Kevin Fiala 33 (Alec Martinez 9, Adam Henrique 42) at 7:10 (PP)
9. San Jose Sharks , Noel Acciari 7 (Ilya Mikheyev 5, Eeli Tolvanen 18) at 8:21
10. San Jose Sharks , Adam Henrique 16 (Kevin Fiala 41) at 19:23 (Empty Net)
Penalties :
Brandon Montour (NSH) for Slashing (Minor) at 6:53, Brandon Montour (NSH) for Tripping (Minor) at 15:30, Max Domi (SJS) for Hooking (Minor) at 19:38
Goalie Stats
Thatcher Demko (NSH), 27 saves from 32 shots - (0.844), L, 30-21-4, 59:50 minutes
Stuart Skinner (SJS), 30 saves from 34 shots - (0.882), W, 28-14-5, 60:00 minutes
Players Stats for Nashville Predators
Player Name G A P +/- PIM S H SB GA TA FO MP PP MP PK MP
------------------------------------------------------------------------------------
Alexander Wennberg 0 1 1 -2 0 0 0 1 0 1 3/5 22:07 1:17 3:11
Anthony Duclair 1 0 1 2 0 4 1 0 0 0 1/1 12:15 1:17 0:00
Artem Zub 0 0 0 -2 2 1 4 1 0 1 0/0 24:41 1:09 2:29
Ben Chiarot 0 0 0 0 2 1 2 0 0 3 0/0 13:38 0:12 1:12
Brandon Montour 0 0 0 -3 4 3 3 0 0 1 0/0 21:35 1:22 0:00
Christian Dvorak 0 0 0 -2 0 1 0 1 0 1 6/14 16:18 0:00 0:58
Dante Fabbro 0 0 0 1 0 0 0 2 0 0 0/0 21:40 0:57 2:33
Dmitri Voronkov 0 0 0 -1 0 1 0 0 0 0 1/1 10:06 1:17 1:01
Jake Neighbours 1 0 1 -2 0 6 3 0 0 0 1/1 16:59 1:14 0:32
James van Riemsdyk 1 1 2 2 0 1 2 0 0 1 0/0 12:29 0:00 1:17
Kailer Yamamoto 0 0 0 0 0 0 1 0 0 0 0/0 7:17 0:00 0:00
Kirby Dach 0 0 0 0 0 1 1 0 0 0 0/0 7:17 0:00 0:00
Pius Suter 0 1 1 -2 0 3 2 0 1 0 1/2 18:34 1:14 2:16
Rasmus Andersson 0 1 1 -1 0 1 0 1 1 0 0/0 16:16 1:22 2:33
Ryan Hartman 1 0 1 -1 0 4 1 1 1 0 1/3 16:57 0:00 0:00
Sidney Crosby 0 1 1 -2 0 4 3 2 0 0 16/28 22:07 1:14 3:13
Simon Benoit 0 1 1 1 0 3 1 2 1 0 0/0 22:20 0:00 3:41
Thomas Novak 0 1 1 2 0 0 0 1 0 0 4/7 11:06 0:00 0:00
Players Stats for San Jose Sharks
Player Name G A P +/- PIM S H SB GA TA FO MP PP MP PK MP
------------------------------------------------------------------------------------
Adam Henrique 1 3 4 2 0 3 0 1 0 0 15/30 19:42 3:15 1:19
Alec Martinez 0 1 1 0 0 2 0 2 0 0 0/0 16:28 3:18 0:00
Brandon Tanev 0 0 0 -1 0 1 0 1 0 1 0/0 13:38 0:04 0:08
Christopher Tanev 0 0 0 -1 0 1 1 0 0 0 0/0 19:32 3:18 1:12
Connor Murphy 0 0 0 2 0 1 2 2 1 0 0/0 27:15 2:56 1:19
Dmitry Orlov 0 0 0 1 2 0 0 0 0 0 0/0 14:24 0:00 1:12
Eeli Tolvanen 1 1 2 2 0 3 0 0 0 0 0/0 8:54 0:00 0:00
Ilya Mikheyev 0 2 2 2 0 2 2 0 0 0 0/0 9:14 0:04 0:00
Jonathan Drouin 0 0 0 0 0 0 1 0 1 0 0/1 17:22 2:59 0:00
Kevin Fiala 2 2 4 2 0 7 1 2 0 0 1/1 19:42 3:15 1:19
Marcus Pettersson 0 0 0 2 0 2 1 1 0 0 0/0 27:22 2:56 1:19
Matthew Knies 0 0 0 0 2 2 1 0 2 0 0/1 17:40 2:55 0:00
Max Domi 0 0 0 -2 2 0 2 1 3 0 2/11 12:16 0:00 0:00
Nick Perbix 0 0 0 0 0 2 1 1 0 1 0/0 14:58 0:00 0:00
Noel Acciari 1 1 2 2 0 1 2 0 0 0 1/2 8:54 0:00 0:00
Ryan Johansen 0 0 0 0 0 3 1 0 0 0 9/14 18:19 2:55 1:04
T.J. Oshie 0 0 0 -2 0 0 0 0 0 1 0/0 12:17 0:00 0:00
Yegor Sharangovich 1 0 1 1 0 3 2 0 1 1 0/2 19:29 3:15 1:12
3 Stars
1 - Kevin Fiala (SJS)
2 - Adam Henrique (SJS)
3 - Noel Acciari (SJS)
Power Play
Nashville Predators - 1 on 3 Attempt(s) - 33.33%
San Jose Sharks - 1 on 4 Attempt(s) - 25.00%
Penalty Kill
Nashville Predators - 3 on 4 Attempt(s) - 75.00%
- Score 0 goal in Penalty Kill
San Jose Sharks - 2 on 3 Attempt(s) - 66.67%
- Score 0 goal in Penalty Kill
Team Stat
Nashville Predators - Hits : 24 - Faceoff Wins : 34 - Blocked Shots : 12 - Penalty Minutes : 8
San Jose Sharks - Hits : 17 - Faceoff Wins : 28 - Blocked Shots : 11 - Penalty Minutes : 6
Official
Referees : Pierre Lambert and Beaudry Halkidis
Linesman : Libor Suchanek and Justin Johnson
Game Notes
Adam Henrique has scored in a empty net!
Finance
Level 1 -- Attendance: 4745 (79.08%) -- Ticket Income $460,265
Level 2 -- Attendance: 4782 (95.64%) -- Ticket Income $272,574
Level 3 -- Attendance: 3000 (100.00%) -- Ticket Income $99,000
Level 4 -- Attendance: 4579 (91.58%) -- Ticket Income $100,738
Luxury Box -- Attendance: 903 (90.30%) -- Ticket Income $174,279
Game was played at the SAP Center at San Jose.
Total Attendance: 18009 (90.05%)
Total Ticket Income: $1,106,856
Other Income: $387,400
Total Income: $1,494,256
Nashville Predators
5 vs 5 Forward
Center Left Wing Right Wing Time % Phy DF OF
1 Sidney Crosby Alexander Wennberg Ryan Hartman 37 0 2 3
2 Christian Dvorak Pius Suter Jake Neighbours 33 0 2 3
3 Thomas Novak Anthony Duclair James van Riemsdyk 25 0 2 3
4 Dmitri Voronkov Kailer Yamamoto Kirby Dach 5 0 3 2
5 vs 5 Defense
Defense Defense Time % Phy DF OF
1 Artem Zub Brandon Montour 40 1 2 2
2 Simon Benoit Dante Fabbro 36 1 4 0
3 Ben Chiarot Rasmus Andersson 24 0 5 0
4 Artem Zub Ben Chiarot 0 1 3 1
PowerPlay Forward
Center Left Wing Right Wing Time % Phy DF OF
1 Sidney Crosby Pius Suter Jake Neighbours 50 1 1 3
2 Alexander Wennberg Anthony Duclair Dmitri Voronkov 50 1 1 3
PowerPlay Defense
Defense Defense Time % Phy DF OF
1 Brandon Montour Rasmus Andersson 50 1 1 3
2 Artem Zub Dante Fabbro 50 2 2 1
Penalty Kill 4 Players Forward
Center Wing Time % Phy DF OF
1 Sidney Crosby Alexander Wennberg 65 1 2 2
2 Christian Dvorak Pius Suter 35 1 2 2
Penalty Kill 4 Players Defense
Defense Defense Time % Phy DF OF
1 Artem Zub Simon Benoit 60 2 3 0
2 Dante Fabbro Rasmus Andersson 40 1 3 1
Penalty Kill - 3 Players Forward
Forward Time % Phy DF OF
1 Sidney Crosby 50 1 2 2
2 Christian Dvorak 50 1 2 2
Penalty Kill - 3 Players Defense
Defense Defense Time % Phy DF OF
1 Artem Zub Dante Fabbro 50 1 2 2
2 Simon Benoit Rasmus Andersson 50 1 2 2
4 vs 4 Forward
Center Wing Time % Phy DF OF
1 Sidney Crosby Alexander Wennberg 50 1 2 2
2 Christian Dvorak Pius Suter 50 1 2 2
4 vs 4 Defense
Defense Defense Time % Phy DF OF
1 Brandon Montour Simon Benoit 60 2 2 1
2 Rasmus Andersson Artem Zub 40 2 2 1
Last Minutes Offensive
Center Left Wing Right Wing Defense Defense
Sidney Crosby Pius Suter Dmitri Voronkov Rasmus Andersson Brandon Montour
Last Minutes Defensive
Center Left Wing Right Wing Defense Defense
Sidney Crosby Alexander Wennberg Pius Suter Artem Zub Simon Benoit
Goaltenders
Starting : Thatcher Demko
Backup : Anthony Stolarz
Extra Forwards
Normal : Sidney Crosby, Alexander Wennberg, Pius Suter - PP : Jake Neighbours, Thomas Novak - PK : James van Riemsdyk
Extra Defensemen
Normal : Rasmus Andersson, Brandon Montour, Dante Fabbro - PP : Rasmus Andersson - PK : Ben Chiarot, Artem Zub
Penalty Shots
James van Riemsdyk, Sidney Crosby, Thomas Novak, Ryan Hartman, Alexander Wennberg
Scratches
Victor Olofsson (Healthy), Marc-Andre Fleury (Healthy), Mads Sogaard (Healthy), Samuel Ersson (Healthy)
San Jose Sharks
5 vs 5 Forward
Center Left Wing Right Wing Time % Phy DF OF
1 Adam Henrique Kevin Fiala Yegor Sharangovich 30 1 2 2
2 Ryan Johansen Matthew Knies Jonathan Drouin 30 1 2 2
3 Max Domi Brandon Tanev T.J. Oshie 25 1 2 2
4 Noel Acciari Eeli Tolvanen Ilya Mikheyev 15 1 2 2
5 vs 5 Defense
Defense Defense Time % Phy DF OF
1 Marcus Pettersson Connor Murphy 30 1 2 2
2 Christopher Tanev Nick Perbix 30 1 2 2
3 Dmitry Orlov Alec Martinez 25 1 2 2
4 Marcus Pettersson Connor Murphy 15 1 2 2
PowerPlay Forward
Center Left Wing Right Wing Time % Phy DF OF
1 Adam Henrique Kevin Fiala Yegor Sharangovich 50 1 2 2
2 Ryan Johansen Matthew Knies Jonathan Drouin 50 1 2 2
PowerPlay Defense
Defense Defense Time % Phy DF OF
1 Marcus Pettersson Connor Murphy 50 1 2 2
2 Christopher Tanev Alec Martinez 50 1 2 2
Penalty Kill 4 Players Forward
Center Wing Time % Phy DF OF
1 Adam Henrique Kevin Fiala 50 1 2 2
2 Ryan Johansen Yegor Sharangovich 50 1 2 2
Penalty Kill 4 Players Defense
Defense Defense Time % Phy DF OF
1 Marcus Pettersson Connor Murphy 50 1 2 2
2 Christopher Tanev Dmitry Orlov 50 1 2 2
Penalty Kill - 3 Players Forward
Forward Time % Phy DF OF
1 Adam Henrique 50 1 2 2
2 Noel Acciari 50 1 2 2
Penalty Kill - 3 Players Defense
Defense Defense Time % Phy DF OF
1 Marcus Pettersson Connor Murphy 50 1 2 2
2 Christopher Tanev Alec Martinez 50 1 2 2
4 vs 4 Forward
Center Wing Time % Phy DF OF
1 Adam Henrique Kevin Fiala 50 1 2 2
2 Ryan Johansen Yegor Sharangovich 50 1 2 2
4 vs 4 Defense
Defense Defense Time % Phy DF OF
1 Marcus Pettersson Connor Murphy 50 1 2 2
2 Christopher Tanev Dmitry Orlov 50 1 2 2
Last Minutes Offensive
Center Left Wing Right Wing Defense Defense
Adam Henrique Kevin Fiala Yegor Sharangovich Marcus Pettersson Connor Murphy
Last Minutes Defensive
Center Left Wing Right Wing Defense Defense
Adam Henrique Kevin Fiala Yegor Sharangovich Marcus Pettersson Connor Murphy
Goaltenders
Starting : Stuart Skinner
Backup : Tristan Jarry
Extra Forwards
Normal : Ilya Mikheyev, Ryan Johansen, Brandon Tanev - PP : Ilya Mikheyev, Ryan Johansen - PK : Brandon Tanev
Extra Defensemen
Normal : Dmitry Orlov, Alec Martinez, Christopher Tanev - PP : Dmitry Orlov - PK : Alec Martinez, Christopher Tanev
Penalty Shots
Adam Henrique, Kevin Fiala, Yegor Sharangovich, Jonathan Drouin, T.J. Oshie
Scratches
Kasperi Kapanen (Healthy), Calle Jarnkrok (Healthy), Clay Stevenson (Healthy)
% Time on Ice - Nashville Predators
Lines # - Real PCT - Wanted PCT - Time Play
Normal Forward
1 - 34% - 37% - 17:18
2 - 30% - 33% - 15:00
3 - 22% - 25% - 11:06
4 - 14% - 5% - 7:17
Normal Defense
1 - 40% - 40% - 20:08
2 - 37% - 36% - 18:46
3 - 23% - 24% - 11:47
4 - 0% - 0% - 0:00
PP Forward
1 - 49% - 50% - 1:14
2 - 51% - 50% - 1:17
PP Defense
1 - 54% - 50% - 1:22
2 - 46% - 50% - 1:09
PK Forward
1 - 84% - 65% - 5:16
2 - 16% - 35% - 0:58
PK Defense
1 - 64% - 60% - 4:01
2 - 36% - 40% - 2:13
PK3 Forward
1 - 0% - 50%
2 - 0% - 50%
PK3 Defense
1 - 0% - 50%
2 - 0% - 50%
44 Forward
1 - 0% - 50%
2 - 0% - 50%
44 Defense
1 - 0% - 60%
2 - 0% - 40%
Last Minute Offensive - 0:34
Last Minute Defensive - 0:00
Total
Forward - 60:00
Defense - 60:00
|
% Time on Ice - San Jose Sharks
Lines # - Real PCT - Wanted PCT - Time Play
Normal Forward
1 - 29% - 30% - 14:29
2 - 30% - 30% - 14:56
3 - 24% - 25% - 12:17
4 - 18% - 15% - 8:54
Normal Defense
1 - 31% - 30% - 15:44
2 - 31% - 30% - 15:38
3 - 25% - 25% - 12:28
4 - 13% - 15% - 6:46
PP Forward
1 - 52% - 50% - 3:15
2 - 48% - 50% - 2:59
PP Defense
1 - 47% - 50% - 2:56
2 - 53% - 50% - 3:18
PK Forward
1 - 52% - 50% - 1:19
2 - 48% - 50% - 1:12
PK Defense
1 - 52% - 50% - 1:19
2 - 48% - 50% - 1:12
PK3 Forward
1 - 0% - 50%
2 - 0% - 50%
PK3 Defense
1 - 0% - 50%
2 - 0% - 50%
44 Forward
1 - 0% - 50%
2 - 0% - 50%
44 Defense
1 - 0% - 50%
2 - 0% - 50%
Last Minute Offensive - 0:00
Last Minute Defensive - 0:39
Total
Forward - 60:00
Defense - 60:00
|
Play-by-Play
1st period
0:01 of 1st period - Adam Henrique wins face-off versus Alexander Wennberg in neutral zone.
0:14 of 1st period - Wrist shot by Sidney Crosby.
0:14 of 1st period - Stopped by Stuart Skinner with a rebound.
0:16 of 1st period - Slapshot by Brandon Montour.
0:16 of 1st period - Shot Blocked by Kevin Fiala.
0:59 of 1st period - Wrist shot by Ryan Johansen.
0:59 of 1st period - Shot Blocked by Simon Benoit.
1:19 of 1st period - Wrist shot by Anthony Duclair.
1:19 of 1st period - Stopped by Stuart Skinner with a rebound.
1:21 of 1st period - Snap shot by Simon Benoit.
1:21 of 1st period - Stopped by Stuart Skinner with a rebound.
1:23 of 1st period - Slapshot by Simon Benoit.
1:23 of 1st period - Deflect By Anthony Duclair.
1:23 of 1st period - Stopped by Stuart Skinner without a rebound.
1:24 of 1st period - Sidney Crosby wins face-off versus Max Domi in San Jose Sharks zone.
1:27 of 1st period - Wrist shot by Ryan Hartman.
1:27 of 1st period - Shot Misses the Net.
1:35 of 1st period - Brandon Tanev is hit by Sidney Crosby and loses puck.
1:41 of 1st period - Icing by Alec Martinez.
1:42 of 1st period - Christian Dvorak wins face-off versus Max Domi in San Jose Sharks zone.
1:43 of 1st period - Wrist shot by Jake Neighbours.
1:43 of 1st period - Shot Misses the Net.
1:54 of 1st period - Minor Penalty to Ben Chiarot for Tripping.
1:55 of 1st period - Sidney Crosby wins face-off versus Adam Henrique in Nashville Predators zone.
3:54 of 1st period - Penalty to Ben Chiarot is over, Ben Chiarot is back on ice.
4:09 of 1st period - Slapshot by Kirby Dach.
4:09 of 1st period - Stopped by Stuart Skinner without a rebound.
4:10 of 1st period - Dmitri Voronkov wins face-off versus Max Domi in San Jose Sharks zone.
4:40 of 1st period - Max Domi is hit by Kailer Yamamoto and loses puck.
5:00 of 1st period - Snap shot by Dmitri Voronkov.
5:00 of 1st period - Shot Blocked by Alec Martinez.
5:02 of 1st period - Snap shot by Ben Chiarot.
5:02 of 1st period - Shot Blocked by Brandon Tanev.
5:18 of 1st period - Snap shot by Brandon Tanev.
5:18 of 1st period - Deflect By Artem Zub.
5:18 of 1st period - Shot Blocked by Artem Zub.
5:18 of 1st period - Puck is out of play.
5:19 of 1st period - Sidney Crosby wins face-off versus Adam Henrique in Nashville Predators zone.
5:51 of 1st period - Pius Suter is hit by Noel Acciari and loses puck.
6:08 of 1st period - Anthony Duclair is hit by Ryan Johansen and loses puck.
6:27 of 1st period - Slapshot by Sidney Crosby.
6:27 of 1st period - Stopped by Stuart Skinner with a rebound.
7:03 of 1st period - Wrist shot by Jonathan Drouin.
7:03 of 1st period - Deflect By Ryan Johansen.
7:03 of 1st period - Stopped by Thatcher Demko with a rebound.
7:06 of 1st period - Icing by Ben Chiarot.
7:07 of 1st period - Ryan Johansen wins face-off versus Sidney Crosby in Nashville Predators zone.
7:12 of 1st period - Snap shot by Ryan Johansen.
7:12 of 1st period - Shot Misses the Net.
7:37 of 1st period - Snap shot by Yegor Sharangovich.
7:37 of 1st period - Shot Misses the Net.
7:39 of 1st period - Slapshot by Connor Murphy.
7:39 of 1st period - Stopped by Thatcher Demko with a rebound.
7:41 of 1st period - Slapshot by Connor Murphy.
7:41 of 1st period - Deflect By Adam Henrique.
7:41 of 1st period - Stopped by Thatcher Demko without a rebound.
7:42 of 1st period - Thomas Novak wins face-off versus Noel Acciari in Nashville Predators zone.
7:57 of 1st period - Wrist shot by Anthony Duclair.
7:57 of 1st period - Shot Misses the Net.
8:09 of 1st period - Sidney Crosby is hit by Yegor Sharangovich and loses puck.
8:30 of 1st period - Wrist shot by Ryan Johansen.
8:30 of 1st period - Stopped by Thatcher Demko with a rebound.
8:32 of 1st period - Slapshot by Nick Perbix.
8:32 of 1st period - Deflect By Christian Dvorak.
8:32 of 1st period - Stopped by Thatcher Demko with a rebound.
8:34 of 1st period - Wrist shot by Matthew Knies.
8:34 of 1st period - Stopped by Thatcher Demko without a rebound.
8:35 of 1st period - Adam Henrique wins face-off versus Christian Dvorak in Nashville Predators zone.
8:42 of 1st period - Snap shot by Kevin Fiala.
8:42 of 1st period - Deflect By Adam Henrique.
8:42 of 1st period - Shot Misses the Net.
8:42 of 1st period - Puck is out of play.
8:43 of 1st period - Christian Dvorak wins face-off versus Yegor Sharangovich in Nashville Predators zone.
8:43 of 1st period - Christian Dvorak is hit by Kevin Fiala.
8:46 of 1st period - Minor Penalty to Artem Zub for Tripping.
8:47 of 1st period - Ryan Johansen wins face-off versus Sidney Crosby in Nashville Predators zone.
9:21 of 1st period - Wrist shot by Adam Henrique.
9:21 of 1st period - Stopped by Thatcher Demko with a rebound.
9:23 of 1st period - Snap shot by Marcus Pettersson.
9:23 of 1st period - Stopped by Thatcher Demko with a rebound.
9:25 of 1st period - Wrist shot by Adam Henrique.
9:25 of 1st period - Shot Misses the Net.
9:27 of 1st period - Slapshot by Connor Murphy.
9:27 of 1st period - Shot Blocked by Simon Benoit.
9:29 of 1st period - Slapshot by Yegor Sharangovich.
9:29 of 1st period - Shot Blocked by Sidney Crosby.
10:46 of 1st period - Penalty to Artem Zub is over, Artem Zub is back on ice.
12:15 of 1st period - Snap shot by Christian Dvorak.
12:15 of 1st period - Stopped by Stuart Skinner with a rebound.
12:42 of 1st period - Dante Fabbro is hit by Nick Perbix.
12:52 of 1st period - Simon Benoit is hit by Jonathan Drouin.
12:56 of 1st period - Matthew Knies is hit by Anthony Duclair and loses puck.
13:06 of 1st period - Icing by Rasmus Andersson.
13:07 of 1st period - Noel Acciari wins face-off versus Pius Suter in Nashville Predators zone.
13:32 of 1st period - Icing by Noel Acciari.
13:33 of 1st period - Adam Henrique wins face-off versus Sidney Crosby in San Jose Sharks zone.
13:44 of 1st period - Snap shot by Adam Henrique.
13:44 of 1st period - Shot Blocked by Rasmus Andersson.
14:02 of 1st period - Jake Neighbours is hit by Connor Murphy and loses puck.
14:21 of 1st period - Snap shot by Anthony Duclair.
14:21 of 1st period - Goal by Anthony Duclair - Nashville Predators : 1 - San Jose Sharks : 0.
14:22 of 1st period - Kevin Fiala wins face-off versus Ryan Hartman in neutral zone.
14:32 of 1st period - Slapshot by Yegor Sharangovich.
14:32 of 1st period - Shot Blocked by Dante Fabbro.
14:54 of 1st period - Snap shot by Ryan Johansen.
14:54 of 1st period - Shot Misses the Net.
14:56 of 1st period - Wrist shot by Ryan Johansen.
14:56 of 1st period - Shot Misses the Net.
14:58 of 1st period - Wrist shot by Connor Murphy.
14:58 of 1st period - Shot Misses the Net.
15:00 of 1st period - Snap shot by Connor Murphy.
15:00 of 1st period - Shot Blocked by Dante Fabbro.
15:02 of 1st period - Slapshot by Marcus Pettersson.
15:02 of 1st period - Shot Misses the Net.
15:22 of 1st period - Wrist shot by Anthony Duclair.
15:22 of 1st period - Stopped by Stuart Skinner with a rebound.
15:36 of 1st period - Wrist shot by Alexander Wennberg.
15:36 of 1st period - Shot Misses the Net.
15:38 of 1st period - Wrist shot by Artem Zub.
15:38 of 1st period - Shot Misses the Net.
15:40 of 1st period - Snap shot by Sidney Crosby.
15:40 of 1st period - Shot Misses the Net.
15:54 of 1st period - Snap shot by Eeli Tolvanen.
15:54 of 1st period - Stopped by Thatcher Demko without a rebound.
15:55 of 1st period - Christian Dvorak wins face-off versus Adam Henrique in Nashville Predators zone.
16:24 of 1st period - Snap shot by Sidney Crosby.
16:24 of 1st period - Shot Blocked by Nick Perbix.
16:26 of 1st period - Wrist shot by Ryan Hartman.
16:26 of 1st period - Goal by Ryan Hartman - Nashville Predators : 2 - San Jose Sharks : 0.
16:27 of 1st period - Sidney Crosby wins face-off versus Ryan Johansen in neutral zone.
18:00 of 1st period - Slapshot by Kevin Fiala.
18:00 of 1st period - Stopped by Thatcher Demko without a rebound.
18:01 of 1st period - Ryan Johansen wins face-off versus Sidney Crosby in Nashville Predators zone.
18:12 of 1st period - Snap shot by Ryan Johansen.
18:12 of 1st period - Stopped by Thatcher Demko without a rebound.
18:13 of 1st period - Sidney Crosby wins face-off versus Matthew Knies in Nashville Predators zone.
18:26 of 1st period - Slapshot by Alexander Wennberg.
18:26 of 1st period - Shot Misses the Net.
19:07 of 1st period - Wrist shot by Dmitri Voronkov.
19:07 of 1st period - Shot Blocked by Connor Murphy.
19:29 of 1st period - Ryan Johansen is hit by James van Riemsdyk and loses puck.
Goals for this period are 2 for Nashville Predators vs 0 for San Jose Sharks.
Shots for this period are 10 for Nashville Predators vs 11 for San Jose Sharks.
2nd period
0:01 of 2nd period - Max Domi wins face-off versus Sidney Crosby in neutral zone.
0:32 of 2nd period - Snap shot by Christian Dvorak.
0:32 of 2nd period - Shot Misses the Net.
0:34 of 2nd period - Slapshot by Artem Zub.
0:34 of 2nd period - Stopped by Stuart Skinner with a rebound.
0:36 of 2nd period - Slapshot by Brandon Montour.
0:36 of 2nd period - Stopped by Stuart Skinner without a rebound.
0:37 of 2nd period - Adam Henrique wins face-off versus Thomas Novak in San Jose Sharks zone.
0:39 of 2nd period - Minor Penalty to Dmitry Orlov for Boarding.
0:40 of 2nd period - Pius Suter wins face-off versus Adam Henrique in San Jose Sharks zone.
0:42 of 2nd period - Snap shot by Jake Neighbours.
0:42 of 2nd period - Stopped by Stuart Skinner without a rebound.
0:43 of 2nd period - Sidney Crosby wins face-off versus Adam Henrique in San Jose Sharks zone.
0:44 of 2nd period - Slapshot by Pius Suter.
0:44 of 2nd period - Stopped by Stuart Skinner with a rebound.
0:46 of 2nd period - Snap shot by Pius Suter.
0:46 of 2nd period - Shot Misses the Net.
0:48 of 2nd period - Wrist shot by Rasmus Andersson.
0:48 of 2nd period - Shot Blocked by Kevin Fiala.
0:50 of 2nd period - Snap shot by Jake Neighbours.
0:50 of 2nd period - Goal by Jake Neighbours - Nashville Predators : 3 - San Jose Sharks : 0.
0:51 of 2nd period - Alexander Wennberg wins face-off versus Max Domi in neutral zone.
0:54 of 2nd period - Max Domi is hit by Brandon Montour and loses puck.
1:19 of 2nd period - Wrist shot by Jake Neighbours.
1:19 of 2nd period - Stopped by Stuart Skinner with a rebound.
1:51 of 2nd period - Snap shot by Matthew Knies.
1:51 of 2nd period - Stopped by Thatcher Demko without a rebound.
1:52 of 2nd period - Ryan Hartman wins face-off versus Max Domi in Nashville Predators zone.
2:23 of 2nd period - Icing by Matthew Knies.
2:24 of 2nd period - Ryan Johansen wins face-off versus Christian Dvorak in San Jose Sharks zone.
2:40 of 2nd period - Wrist shot by Jake Neighbours.
2:40 of 2nd period - Stopped by Stuart Skinner without a rebound.
2:41 of 2nd period - Sidney Crosby wins face-off versus Adam Henrique in San Jose Sharks zone.
3:52 of 2nd period - Christopher Tanev is hit by Simon Benoit and loses puck.
4:18 of 2nd period - Dmitry Orlov is hit by Kirby Dach and loses puck.
5:07 of 2nd period - Jonathan Drouin is hit by Jake Neighbours and loses puck.
5:23 of 2nd period - Artem Zub is hit by Connor Murphy and loses puck.
5:40 of 2nd period - Thomas Novak is hit by Noel Acciari and loses puck.
6:28 of 2nd period - Snap shot by Ilya Mikheyev.
6:28 of 2nd period - Stopped by Thatcher Demko with a rebound.
6:41 of 2nd period - Wrist shot by Eeli Tolvanen.
6:41 of 2nd period - Shot Misses the Net.
6:49 of 2nd period - Slapshot by Ilya Mikheyev.
6:49 of 2nd period - Shot Misses the Net.
6:51 of 2nd period - Snap shot by Alec Martinez.
6:51 of 2nd period - Shot Blocked by Christian Dvorak.
7:01 of 2nd period - Wrist shot by Eeli Tolvanen.
7:01 of 2nd period - Goal by Eeli Tolvanen - Nashville Predators : 3 - San Jose Sharks : 1.
7:02 of 2nd period - Sidney Crosby wins face-off versus Adam Henrique in neutral zone.
7:04 of 2nd period - Off-side.
7:05 of 2nd period - Sidney Crosby wins face-off versus Adam Henrique in neutral zone.
7:05 of 2nd period - Sidney Crosby is hit by Yegor Sharangovich.
7:39 of 2nd period - Snap shot by Brandon Tanev.
7:39 of 2nd period - Stopped by Thatcher Demko with a rebound.
7:41 of 2nd period - Slapshot by Marcus Pettersson.
7:41 of 2nd period - Stopped by Thatcher Demko without a rebound.
7:42 of 2nd period - Thomas Novak wins face-off versus Ryan Johansen in Nashville Predators zone.
9:07 of 2nd period - Alexander Wennberg is hit by Ilya Mikheyev and loses puck.
10:03 of 2nd period - Adam Henrique is hit by Ryan Hartman.
10:42 of 2nd period - Minor Penalty to Matthew Knies for Interference.
10:43 of 2nd period - Alexander Wennberg wins face-off versus Ryan Johansen in San Jose Sharks zone.
12:42 of 2nd period - Penalty to Matthew Knies is over, Matthew Knies is back on ice.
12:42 of 2nd period - Brandon Tanev is hit by Ben Chiarot and loses puck.
13:47 of 2nd period - Wrist shot by Jonathan Drouin.
13:47 of 2nd period - Shot Misses the Net.
14:09 of 2nd period - Kirby Dach is hit by Ilya Mikheyev and loses puck.
14:28 of 2nd period - Adam Henrique is hit by Ben Chiarot and loses puck.
15:31 of 2nd period - Slapshot by Christopher Tanev.
15:31 of 2nd period - Stopped by Thatcher Demko with a rebound.
15:43 of 2nd period - Icing by Anthony Duclair.
15:44 of 2nd period - Thomas Novak wins face-off versus Max Domi in Nashville Predators zone.
16:09 of 2nd period - Connor Murphy is hit by Jake Neighbours and loses puck.
17:21 of 2nd period - Sidney Crosby is hit by Matthew Knies and loses puck.
17:38 of 2nd period - Artem Zub is hit by Marcus Pettersson and loses puck.
18:47 of 2nd period - Backhand shot by Ryan Hartman.
18:47 of 2nd period - Shot Misses the Net.
18:58 of 2nd period - Icing by Kevin Fiala.
18:59 of 2nd period - Adam Henrique wins face-off versus Christian Dvorak in San Jose Sharks zone.
19:58 of 2nd period - Alec Martinez is hit by James van Riemsdyk and loses puck.
Goals for this period are 1 for Nashville Predators vs 1 for San Jose Sharks.
Shots for this period are 7 for Nashville Predators vs 6 for San Jose Sharks.
3rd period
0:01 of 3rd period - Adam Henrique wins face-off versus Sidney Crosby in neutral zone.
0:16 of 3rd period - Snap shot by Sidney Crosby.
0:16 of 3rd period - Deflect By Kevin Fiala.
0:16 of 3rd period - Stopped by Stuart Skinner with a rebound.
0:37 of 3rd period - Slapshot by Jonathan Drouin.
0:37 of 3rd period - Shot Misses the Net.
0:51 of 3rd period - Wrist shot by Thomas Novak.
0:51 of 3rd period - Shot Misses the Net.
0:53 of 3rd period - Snap shot by James van Riemsdyk.
0:53 of 3rd period - Shot Misses the Net.
0:55 of 3rd period - Slapshot by Simon Benoit.
0:55 of 3rd period - Shot Blocked by Max Domi.
0:57 of 3rd period - Snap shot by James van Riemsdyk.
0:57 of 3rd period - Goal by James van Riemsdyk - Nashville Predators : 4 - San Jose Sharks : 1.
0:58 of 3rd period - Adam Henrique wins face-off versus Sidney Crosby in neutral zone.
1:47 of 3rd period - Slapshot by Nick Perbix.
1:47 of 3rd period - Shot Blocked by Thomas Novak.
2:10 of 3rd period - Snap shot by Kirby Dach.
2:10 of 3rd period - Shot Blocked by Alec Martinez.
2:12 of 3rd period - Wrist shot by Kirby Dach.
2:12 of 3rd period - Shot Misses the Net.
2:28 of 3rd period - Slapshot by Rasmus Andersson.
2:28 of 3rd period - Stopped by Stuart Skinner with a rebound.
2:30 of 3rd period - Slapshot by Ben Chiarot.
2:30 of 3rd period - Shot Misses the Net.
2:32 of 3rd period - Wrist shot by Sidney Crosby.
2:32 of 3rd period - Shot Blocked by Connor Murphy.
2:34 of 3rd period - Slapshot by Ben Chiarot.
2:34 of 3rd period - Stopped by Stuart Skinner with a rebound.
3:35 of 3rd period - Eeli Tolvanen is hit by Sidney Crosby and loses puck.
4:18 of 3rd period - Icing by Dmitri Voronkov.
4:19 of 3rd period - Ryan Johansen wins face-off versus Christian Dvorak in Nashville Predators zone.
4:36 of 3rd period - Christopher Tanev is hit by Pius Suter and loses puck.
4:46 of 3rd period - Off-side.
4:47 of 3rd period - Sidney Crosby wins face-off versus Max Domi in neutral zone.
5:14 of 3rd period - Sidney Crosby is hit by Max Domi and loses puck.
5:31 of 3rd period - Wrist shot by Alec Martinez.
5:31 of 3rd period - Stopped by Thatcher Demko without a rebound.
5:32 of 3rd period - Adam Henrique wins face-off versus Christian Dvorak in Nashville Predators zone.
5:33 of 3rd period - Slapshot by Kevin Fiala.
5:33 of 3rd period - Goal by Kevin Fiala - Nashville Predators : 4 - San Jose Sharks : 2.
5:34 of 3rd period - Adam Henrique wins face-off versus Sidney Crosby in neutral zone.
5:39 of 3rd period - Snap shot by Yegor Sharangovich.
5:39 of 3rd period - Goal by Yegor Sharangovich - Nashville Predators : 4 - San Jose Sharks : 3.
5:40 of 3rd period - Adam Henrique wins face-off versus Ryan Hartman in neutral zone.
5:45 of 3rd period - Snap shot by Adam Henrique.
5:45 of 3rd period - Shot Blocked by Alexander Wennberg.
5:53 of 3rd period - Slapshot by Adam Henrique.
5:53 of 3rd period - Deflect By Kevin Fiala.
5:53 of 3rd period - Stopped by Thatcher Demko without a rebound.
5:54 of 3rd period - Ryan Johansen wins face-off versus Christian Dvorak in Nashville Predators zone.
6:28 of 3rd period - Slapshot by Nick Perbix.
6:28 of 3rd period - Stopped by Thatcher Demko without a rebound.
6:29 of 3rd period - Christian Dvorak wins face-off versus Max Domi in Nashville Predators zone.
6:44 of 3rd period - Off-side.
6:45 of 3rd period - Adam Henrique wins face-off versus Sidney Crosby in neutral zone.
6:53 of 3rd period - Minor Penalty to Brandon Montour for Slashing.
6:54 of 3rd period - Sidney Crosby wins face-off versus Jonathan Drouin in Nashville Predators zone.
7:04 of 3rd period - Slapshot by Alec Martinez.
7:04 of 3rd period - Stopped by Thatcher Demko without a rebound.
7:05 of 3rd period - Adam Henrique wins face-off versus Sidney Crosby in Nashville Predators zone.
7:06 of 3rd period - Snap shot by Kevin Fiala.
7:06 of 3rd period - Shot Misses the Net.
7:08 of 3rd period - Slapshot by Alec Martinez.
7:08 of 3rd period - Shot Hit the Post.
7:10 of 3rd period - Snap shot by Kevin Fiala.
7:10 of 3rd period - Goal by Kevin Fiala - Nashville Predators : 4 - San Jose Sharks : 4.
7:11 of 3rd period - Sidney Crosby wins face-off versus Adam Henrique in neutral zone.
7:22 of 3rd period - Slapshot by Yegor Sharangovich.
7:22 of 3rd period - Deflect By Brandon Montour.
7:22 of 3rd period - Stopped by Thatcher Demko with a rebound.
7:24 of 3rd period - Snap shot by Adam Henrique.
7:24 of 3rd period - Shot Misses the Net.
7:26 of 3rd period - Slapshot by Connor Murphy.
7:26 of 3rd period - Deflect By Kevin Fiala.
7:26 of 3rd period - Stopped by Thatcher Demko without a rebound.
7:27 of 3rd period - Ryan Johansen wins face-off versus Christian Dvorak in Nashville Predators zone.
7:36 of 3rd period - Snap shot by Jake Neighbours.
7:36 of 3rd period - Shot Hit the Post.
7:38 of 3rd period - Slapshot by Brandon Montour.
7:38 of 3rd period - Shot Blocked by Marcus Pettersson.
7:40 of 3rd period - Snap shot by Jake Neighbours.
7:40 of 3rd period - Stopped by Stuart Skinner with a rebound.
7:42 of 3rd period - Wrist shot by Jake Neighbours.
7:42 of 3rd period - Stopped by Stuart Skinner with a rebound.
8:15 of 3rd period - Slapshot by Eeli Tolvanen.
8:15 of 3rd period - Shot Blocked by Ryan Hartman.
8:17 of 3rd period - Snap shot by Nick Perbix.
8:17 of 3rd period - Deflect By Eeli Tolvanen.
8:17 of 3rd period - Stopped by Thatcher Demko with a rebound.
8:19 of 3rd period - Snap shot by Ilya Mikheyev.
8:19 of 3rd period - Stopped by Thatcher Demko with a rebound.
8:21 of 3rd period - Wrist shot by Noel Acciari.
8:21 of 3rd period - Goal by Noel Acciari - Nashville Predators : 4 - San Jose Sharks : 5.
8:22 of 3rd period - Christian Dvorak wins face-off versus Adam Henrique in neutral zone.
8:37 of 3rd period - Snap shot by Pius Suter.
8:37 of 3rd period - Shot Misses the Net.
8:49 of 3rd period - Marcus Pettersson is hit by Artem Zub.
8:57 of 3rd period - Slapshot by Christopher Tanev.
8:57 of 3rd period - Deflect By Matthew Knies.
8:57 of 3rd period - Shot Blocked by Sidney Crosby.
8:57 of 3rd period - Puck is out of play.
8:58 of 3rd period - Max Domi wins face-off versus Thomas Novak in Nashville Predators zone.
8:59 of 3rd period - Snap shot by Brandon Tanev.
8:59 of 3rd period - Shot Misses the Net.
9:27 of 3rd period - Snap shot by Kevin Fiala.
9:27 of 3rd period - Shot Misses the Net.
9:29 of 3rd period - Snap shot by Christopher Tanev.
9:29 of 3rd period - Shot Misses the Net.
10:09 of 3rd period - Eeli Tolvanen is hit by Artem Zub and loses puck.
10:42 of 3rd period - Alec Martinez is hit by Jake Neighbours and loses puck.
10:59 of 3rd period - Wrist shot by Yegor Sharangovich.
10:59 of 3rd period - Stopped by Thatcher Demko without a rebound.
11:00 of 3rd period - Adam Henrique wins face-off versus Thomas Novak in Nashville Predators zone.
11:03 of 3rd period - Backhand shot by Kevin Fiala.
11:03 of 3rd period - Stopped by Thatcher Demko without a rebound.
11:04 of 3rd period - Thomas Novak wins face-off versus Adam Henrique in Nashville Predators zone.
11:15 of 3rd period - Wrist shot by Thomas Novak.
11:15 of 3rd period - Shot Hit the Post.
11:17 of 3rd period - Slapshot by Simon Benoit.
11:17 of 3rd period - Deflect By Adam Henrique.
11:17 of 3rd period - Stopped by Stuart Skinner with a rebound.
11:19 of 3rd period - Wrist shot by James van Riemsdyk.
11:19 of 3rd period - Shot Misses the Net.
11:36 of 3rd period - Snap shot by Jonathan Drouin.
11:36 of 3rd period - Shot Misses the Net.
11:50 of 3rd period - Icing by Nick Perbix.
11:51 of 3rd period - Jake Neighbours wins face-off versus Ryan Johansen in San Jose Sharks zone.
12:06 of 3rd period - Wrist shot by Pius Suter.
12:06 of 3rd period - Stopped by Stuart Skinner without a rebound.
12:07 of 3rd period - Sidney Crosby wins face-off versus Adam Henrique in San Jose Sharks zone.
12:14 of 3rd period - Snap shot by Ryan Hartman.
12:14 of 3rd period - Stopped by Stuart Skinner without a rebound.
12:15 of 3rd period - Sidney Crosby wins face-off versus Adam Henrique in San Jose Sharks zone.
12:20 of 3rd period - Snap shot by Ryan Hartman.
12:20 of 3rd period - Stopped by Stuart Skinner without a rebound.
12:21 of 3rd period - Christian Dvorak wins face-off versus Yegor Sharangovich in San Jose Sharks zone.
12:32 of 3rd period - Snap shot by Pius Suter.
12:32 of 3rd period - Stopped by Stuart Skinner with a rebound.
12:34 of 3rd period - Slapshot by Brandon Montour.
12:34 of 3rd period - Stopped by Stuart Skinner without a rebound.
12:35 of 3rd period - Ryan Johansen wins face-off versus Sidney Crosby in San Jose Sharks zone.
13:00 of 3rd period - Marcus Pettersson is hit by Pius Suter.
13:45 of 3rd period - Dante Fabbro is hit by Max Domi and loses puck.
13:56 of 3rd period - Snap shot by T.J. Oshie.
13:56 of 3rd period - Shot Misses the Net.
14:08 of 3rd period - Snap shot by Ryan Hartman.
14:08 of 3rd period - Shot Misses the Net.
14:10 of 3rd period - Slapshot by Simon Benoit.
14:10 of 3rd period - Stopped by Stuart Skinner without a rebound.
14:11 of 3rd period - Adam Henrique wins face-off versus Sidney Crosby in San Jose Sharks zone.
14:32 of 3rd period - Slapshot by Brandon Montour.
14:32 of 3rd period - Stopped by Stuart Skinner with a rebound.
14:34 of 3rd period - Snap shot by Sidney Crosby.
14:34 of 3rd period - Shot Blocked by Adam Henrique.
14:36 of 3rd period - Slapshot by Ryan Hartman.
14:36 of 3rd period - Stopped by Stuart Skinner with a rebound.
14:46 of 3rd period - Wrist shot by Sidney Crosby.
14:46 of 3rd period - Stopped by Stuart Skinner without a rebound.
14:47 of 3rd period - Ryan Johansen wins face-off versus Christian Dvorak in San Jose Sharks zone.
14:47 of 3rd period - Ryan Johansen is hit by Brandon Montour.
15:13 of 3rd period - Brandon Tanev is hit by Artem Zub and loses puck.
15:30 of 3rd period - Minor Penalty to Brandon Montour for Tripping.
15:31 of 3rd period - Sidney Crosby wins face-off versus Adam Henrique in Nashville Predators zone.
17:30 of 3rd period - Penalty to Brandon Montour is over, Brandon Montour is back on ice.
17:39 of 3rd period - Dante Fabbro is hit by Christopher Tanev and loses puck.
17:56 of 3rd period - Alec Martinez is hit by Brandon Montour and loses puck.
18:03 of 3rd period - Slapshot by Christopher Tanev.
18:03 of 3rd period - Shot Misses the Net.
18:15 of 3rd period - Connor Murphy is hit by Artem Zub and loses puck.
18:56 of 3rd period - Nick Perbix is hit by Sidney Crosby and loses puck.
19:13 of 3rd period - Nashville Predators, Thatcher Demko is pulled from the net.
19:13 of 3rd period - Slapshot by Dante Fabbro.
19:13 of 3rd period - Shot Misses the Net.
19:15 of 3rd period - Wrist shot by Dmitri Voronkov.
19:15 of 3rd period - Stopped by Stuart Skinner without a rebound.
19:16 of 3rd period - Peter Laviolette call a timeout for Nashville Predators.
19:16 of 3rd period - Adam Henrique wins face-off versus Alexander Wennberg in San Jose Sharks zone.
19:23 of 3rd period - Wrist shot by Adam Henrique.
19:23 of 3rd period - Goal by Adam Henrique - Nashville Predators : 4 - San Jose Sharks : 6.
19:23 of 3rd period - Thatcher Demko from Nashville Predators was sent back in the game.
19:24 of 3rd period - Anthony Duclair wins face-off versus Max Domi in neutral zone.
19:38 of 3rd period - Minor Penalty to Max Domi for Hooking.
19:39 of 3rd period - Alexander Wennberg wins face-off versus Ryan Johansen in San Jose Sharks zone.
19:54 of 3rd period - Snap shot by Kevin Fiala.
19:54 of 3rd period - Shot Misses the Net.
19:56 of 3rd period - Wrist shot by Kevin Fiala.
19:56 of 3rd period - Stopped by Thatcher Demko without a rebound.
19:57 of 3rd period - Sidney Crosby wins face-off versus Adam Henrique in Nashville Predators zone.
Goals for this period are 1 for Nashville Predators vs 5 for San Jose Sharks.
Shots for this period are 17 for Nashville Predators vs 16 for San Jose Sharks.
Back to the Top